 Dungeon Crawl Stone Soup version 0.21.1-1-g345015f (webtiles) character file.

1278 inc the Magician (level 8, -7/46 HPs)
             Began as an Octopode Enchanter on Apr 23, 2018.
             Mangled by a two-headed ogre
             ... wielding a +0 dire flail
              (27 damage)
             ... on level 4 of the Dungeon.
             The game lasted 00:07:57 (5661 turns).

inc the Magician (Octopode Enchanter)               Turns: 5661, Time: 00:07:57

Health: -7/46      AC:  1    Str:  7    XL:     8   Next: 54%
Magic:  14/19      EV: 13    Int: 19    God:
Gold:   226        SH:  0    Dex: 13    Spells: 16/22 levels left

rFire    . . .     SeeInvis .   a - +1 dagger
rCold    . . .     Gourm    .   (no shield)
rNeg     . . .     Faith    .   (helmet restricted)
rPois    .         Spirit   .   (no amulet)
rElec    .         Reflect  .   (no ring)
rCorr    .         Harm     .   (no ring)
MR       .....                  (no ring)
Stlth    +++.......             (no ring)
HPRegen  0.15/turn              (no ring)
MPRegen  0.16/turn              (no ring)
                                (no ring)
                                (no ring)

@: very slightly contaminated
A: almost no armour, stealthy swim, amphibious, 8 rings, constrict 8, camouflage
1, gelatinous body 1
a: no special abilities


You were on level 4 of the Dungeon.
You were not hungry.

You visited 1 branch of the dungeon, and saw 5 of its levels.

You collected 226 gold pieces.

Inventory:

Hand Weapons
 a - a +1 dagger (weapon)
Jewellery
 j - a +3 amulet of reflection {unknown}
Wands
 n - a wand of polymorph (15)
Scrolls
 d - a scroll of noise
 e - 2 scrolls of remove curse
 g - a scroll of enchant armour {unknown}
 i - a scroll of teleportation {unknown}
 m - a scroll of identify {unknown}
 o - 2 scrolls of magic mapping {unknown}
 r - a scroll of fear {unknown}
Potions
 f - a potion of haste {unknown}
 h - a potion of cancellation {unknown}
 k - 2 potions of berserk rage {unknown}
 l - a potion of resistance {unknown}
 p - 3 potions of flight {unknown}
 q - a potion of degeneration {unknown}
 s - 2 potions of brilliance {unknown}
 v - a potion of magic {unknown}
 w - a potion of might {unknown}
Books
 b - a book of Maledictions

   Spells                             Type                      Level
   a - Corona                         Hexes                        1
   b - Ensorcelled Hibernation        Hexes/Ice                    2
   c - Confuse                        Hexes                        3
   d - Tukima's Dance                 Hexes                        3
   e - Dazzling Spray                 Conjuration/Hexes            3
 u - a book of Air

   Spells                             Type                      Level
   a - Shock                          Conjuration/Air              1
   b - Swiftness                      Charms/Air                   2
   c - Static Discharge               Conjuration/Air              3
   d - Airstrike                      Air                          4
   e - Lightning Bolt                 Conjuration/Air              5
Comestibles
 c - 4 rations


   Skills:
 - Level 5.8 Short Blades
 - Level 2.0 Dodging
 - Level 4.0 Stealth
 - Level 7.6 Spellcasting
 - Level 3.0 Hexes
 + Level 1.1 Ice Magic


You had 16 spell levels left.
You knew the following spells:

 Your Spells              Type           Power        Failure   Level  Hunger
a - Corona                Hex            ###....      2%          1    None
b - Ensorcelled Hibernat  Hex/Ice        ###...       6%          2    None
c - Confuse               Hex            ###.....     9%          3    #......


Dungeon Overview and Level Annotations

Branches:
Dungeon (5/15)
 Temple: D:4-7

Altars:
Ashenzari
Kikubaaqudgha
Qazlal

Annotations:
D:3 microfolk's ghost, amateur DrTm
D:5 Eustachio


Innate Abilities, Weirdness & Mutations

You cannot wear most types of armour.
You are very stealthy in the water. (Stealth+)
You are amphibious.
You can wear up to eight rings at the same time.
You can use your tentacles to constrict eight enemies at once.
Your skin changes colour to match your surroundings (Stealth+).
Your rubbery body absorbs attacks. (AC +1, EV +1)


Message History

The two-headed ogre hits you with a dire flail!!
Ouch! That really hurt!
The two-headed ogre barely misses you.
Okay, then.
Okay, then.
Casting: Confuse
Confirm with . or Enter, or press ? or * to list all spells.
Aiming: Confuse
Press: ? - help, Shift-Dir - straight line, f/p - two-headed ogre
Aim: a two-headed ogre, wielding a dire flail and a giant spiked club (chance to defeat MR: 31%)
Okay, then.
Casting: Confuse
Confirm with . or Enter, or press ? or * to list all spells.
Aiming: Ensorcelled Hibernation
Press: ? - help, Shift-Dir - straight line, f/p - two-headed ogre
Aim: a two-headed ogre, wielding a dire flail and a giant spiked club (chance to defeat MR: 28%)
The two-headed ogre easily resists.
The two-headed ogre hits you with a dire flail!!
Ouch! That really hurt!
You die...

#....#............#
#....+............#
#....#............#
#....#...........>#
#....#....(.......#
##....#............#
#.....#............#
#.....'............#
##....#.......O@...#
#....#............#
##....#............#
#.....#.....>......#
#<....#............#
#.....#.....########
#.....#.....#
#.....#.....#
#.>...#.....#


You could see a two-headed ogre.

Vanquished Creatures
  Pikel (D:4)
  Edmund (D:4)
  3 slaves (D:4)
  An eye of draining (D:5)
  2 ogres
  A scorpion (D:5)
  A howler monkey (D:4)
  A crimson imp (D:5)
  An iguana (D:4)
  2 orc wizards (D:5)
  5 worker ants
  2 hound skeletons
  A howler monkey zombie (D:3)
  2 adders (D:2)
  2 adder zombies
  5 worms
  A leopard gecko (D:2)
  8 orcs
  6 bats
  5 giant cockroaches
  10 goblins
  7 hobgoblins
  7 kobolds
  3 quokkas
  A ball python (D:4)
  3 leopard gecko skeletons
  A quokka skeleton (D:3)
  A quokka zombie (D:3)
  4 rats
88 creatures vanquished.

Vanquished Creatures (others)
  A giant cockroach (D:4)
  A quokka (D:4)
2 creatures vanquished.

Grand Total: 90 creatures vanquished

Notes
Turn   | Place    | Note
-------+----------+-------------------------------------------
     0 | D:1      | inc the Octopode Enchanter began the quest for the Orb.
     0 | D:1      | Reached XP level 1. HP: 11/11 MP: 3/3
    65 | D:1      | Found a shattered altar of Ashenzari.
   137 | D:1      | Reached XP level 2. HP: 17/17 MP: 5/5
  1410 | D:2      | Found an ancient bone altar of Kikubaaqudgha.
  1472 | D:2      | Reached XP level 3. HP: 21/21 MP: 6/6
  1662 | D:2      | Found a stormy altar of Qazlal.
  2157 | D:3      | Reached XP level 4. HP: 26/27 MP: 7/7
  2607 | D:3      | Learned a level 2 spell: Ensorcelled Hibernation
  2611 | D:3      | Learned a level 3 spell: Confuse
  2717 | D:3      | Noticed microfolk's ghost (amateur DrTm)
  2941 | D:3      | Reached XP level 5. HP: 31/31 MP: 8/8
  3236 | D:4      | Reached skill level 5 in Short Blades
  3267 | D:4      | Noticed a slave
  3272 | D:4      | Noticed Pikel
  3272 | D:4      | Noticed a slave
  3294 | D:4      | Killed a slave
  3400 | D:4      | Noticed an ogre
  3572 | D:4      | Killed an ogre
  3572 | D:4      | Reached XP level 6. HP: 36/36 MP: 6/9
  3588 | D:4      | Noticed a slave
  3598 | D:4      | Killed a slave
  3732 | D:4      | Killed a slave
  3790 | D:4      | Noticed a slave
  3792 | D:4      | Killed Pikel
  3792 | D:4      | Reached skill level 5 in Spellcasting
  3792 | D:4      | Reached XP level 7. HP: 30/41 MP: 7/15
  4228 | D:4      | Reached skill level 6 in Spellcasting
  4236 | D:4      | Noticed Edmund
  4589 | D:4      | Killed Edmund
  4589 | D:4      | Reached XP level 8. HP: 16/46 MP: 1/17
  5198 | D:5      | Entered Level 5 of the Dungeon
  5350 | D:5      | Reached skill level 7 in Spellcasting
  5543 | D:5      | Reached skill level 1 in Ice Magic
  5581 | D:5      | Noticed Eustachio
  5635 | D:5      | Noticed a two-headed ogre
  5661 | D:4      | Mangled by a two-headed ogre

Skill      XL: |  1  2  3  4  5  6  7  8 |
---------------+-------------------------+-----
Short Blades   | 2 3 4 5 |  5.8
Spellcasting   | 5 6 7 |  7.6
Ice Magic      | 1 |  1.1
Dodging        | |  2.0
Stealth        | |  4.0
Hexes          | |  3.0

Action                   |  1- 3 |  4- 6 |  7- 9 || total
-------------------------+-------+-------+-------++-------
Melee: Dagger            |    62 |    80 |    46 ||   188
       Constrict         |    11 |    16 |     7 ||    34
       Tentacles         |     4 |    20 |     4 ||    28
 Cast: Ensorcelled Hiber |       |    19 |    32 ||    51
       Confuse           |       |     3 |     1 ||     4
  Use: Scroll            |       |       |     2 ||     2
 Stab: Sleeping          |    18 |    16 |    17 ||    51
  Eat: Chunk             |     3 |     4 |     6 ||    13
       Ration            |       |     1 |       ||     1
Armor: Skin              |     5 |     4 |     1 ||    10
Dodge: Dodged            |    22 |    32 |    24 ||    78
